rsa, neutral male human Tourist ----- # |...| ------- ------------ ------------ #....+# |.....| |..........| |...........######|...|# |..>..i# |..........|####h# -------- |..........| #-----# |.....|# |..........| # |......| |..........| ###########--i----i #+..........| ##.......| |..........+# i # ###### # #------------ |......| ----------+-# # # # I ## -------- ################## # I# # # # # -.-+------@ # # # # |.....{..|# # ---- ## # ###|........|# # |..| #--------# #.........|# # #### |..| #|......|# |........|# ------# --------------.- ---- #|......| ----------###|..<.|######:##...............| |......+## # # # #......#########|..............| -------- # ------# #...............| ######################### ---------------- rsa the Sightseer Experience level: 4 Strength: 9 Dexterity: 10 Constitution: 17 Intelligence: 14 Wisdom: 8 Charisma: 18 Health: 0(36) Energy: 6(6) Def: 3 Gold: 236 Moves: 956 Dungeon seed: gF_J4hTQEeSJlum0 Game ID: rsa_1592761384 Your Inventory: Coins $ - 236 gold pieces Weapons p - 2 cursed -2 arrows (in quiver) Armor e - an uncursed +0 Hawaiian shirt (being worn) q - an uncursed rusty +0 scale mail (being worn) r - an uncursed rusty +0 orcish helm (being worn) Comestibles b - 10 uncursed food rations Scrolls o - a cursed scroll of identify Tools i - an uncursed credit card j - an uncursed expensive camera (0:98) k - an uncursed leash l - an uncursed magic marker (0:0) m - an uncursed tin opener n - an uncursed towel (being worn) Spells and supernatural/magical abilities: Name Level Category Cost Memory W - pray for help -- divine ? -- Your skills at the end: Fighting Skills wands [Basic] Weapon Skills dart [Basic] Spellcasting Skills Final Attributes: You were piously aligned. You were blinded. You were telepathic. You were slow. The Lady was noncommittal. You are dead. Vanquished creatures: a rock mole a little dog 2 floating eyes a giant bat an iguana 5 manes a cave spider a gecko 3 goblins a lichen 17 creatures vanquished. Voluntary challenges: You were an atheist. You never hit with a wielded weapon. You read items or engraved 5 times, starting on turn 71. You never genocided any monsters. You never polymorphed an object. You never changed form. You used no wishes. You never split a pudding. You never wrote Elbereth's name. You never violated your personal moral code. Dungeon overview: The Dungeons of Doom: levels 1 to 7 Level 1 a fountain a long staircase Level 2 Level 3 a fountain a long staircase Level 4 a weapon shop Level 5 Level 6 <- You were here a fountain Level 7 History has recorded: On T:1 you entered the Dungeons of Doom to retrieve the Amulet of Yendor! On T:70 you reached level 2 of The Dungeons of Doom. On T:132 you reached level 3 of The Dungeons of Doom. On T:226 you reached level 4 of The Dungeons of Doom. On T:303 you advanced to experience level 2. On T:328 you reached level 5 of The Dungeons of Doom. On T:427 you advanced to experience level 3. On T:445 you reached level 6 of The Dungeons of Doom. On T:547 you reached level 7 of The Dungeons of Doom. On T:623 you advanced to experience level 4. Score breakdown: Gold: 148 ( 7392 points) Experience: 4 levels ( 9649 points) Exploration: 7 levels ( 14.89%) (10834 points) Discoveries: 0 items ( 0.00%) ( 0 points) Valuables value: (no points given unless you survive) Artifact value: 0 ( 0 points) Variety of kills: 10 monsters ( 2.63%) ( 4866 points) Turncount: 956 turns ( 0 points) Survival: died (score multiplied by 80%) Total score: 26192 Latest messages: The arrow hits the manes. [2 turns] The arrow misses. The manes hits! The manes misses. (2x) [2 turns] You destroy the manes! [2 turns] Wait! There's something there you can't see! It hits! (2x) [2 turns] You hit it. It hits! [2 turns] It hits! You die... Final status: Aloha rsa the Tourist, killed by a gnome mummy... You died in The Dungeons of Doom on dungeon level 6 with 26192 points, and 236 pieces of gold, after 956 moves. You were level 4 with a maximum of 36 hit points when you died.